 Dungeon Crawl Stone Soup version 0.25-a0-435-g4b9beb1024 (webtiles) character file.

Game seed: 16794886594389708668, levelgen mode: deterministic

95 Methel the Caller (level 4, -10/32 HPs)
             Began as a Human Summoner on Jan 21, 2020.
             Mangled by a gnoll
             ... wielding a +2 halberd of electrocution
              (11 damage)
             ... on level 3 of the Dungeon on Jan 29, 2020.
             The game lasted 00:52:37 (3851 turns).

Methel the Caller (Human Summoner)                  Turns: 3851, Time: 00:52:37

Health: -10/32     AC:  2    Str:  8    XL:     4   Next: 97%
Magic:  2/7        EV: 13    Int: 16    God:
Gold:   147        SH:  0    Dex: 14    Spells: 1/7 levels left

rFire    . . .     SeeInvis .   e - +1 dagger (venom)
rCold    . . .     Gourm    .   (no shield)
rNeg     . . .     Faith    .   a - +0 robe
rPois    .         Spirit   .   (no helmet)
rElec    .         Reflect  .   (no cloak)
rCorr    .         Harm     .   (no gloves)
MR       .....                  (no boots)
Stlth    ++........             (no amulet)
HPRegen  0.10/turn              (no ring)
MPRegen  0.10/turn              (no ring)

@: lethally poisoned (-10 -> -13)
A: no striking features
a: no special abilities


You were on level 3 of the Dungeon.
You were not hungry.

You visited 1 branch of the dungeon, and saw 3 of its levels.

You collected 147 gold pieces.

Inventory:

Hand Weapons
 b - a +0 short sword
 e - a +1 dagger of venom (weapon)
 j - a +1 mace of protection
 k - a +0 hunting sling
 o - a +1 dagger of venom
Missiles
 h - 131 stones (quivered)
 m - 5 poisoned darts
Armour
 a - a +0 robe (worn)
 n - a +0 plate armour
Jewellery
 d - a cursed ring of teleportation {unknown}
Wands
 l - a wand of paralysis (5)
Scrolls
 g - 4 scrolls of identify {unknown}
 p - a scroll of magic mapping {unknown}
 u - a scroll of teleportation {unknown}
Potions
 f - 3 potions of flight
 q - a potion of lignification {unknown}
 s - a potion of heal wounds {unknown}
 t - a potion of curing {unknown}
Comestibles
 c - 3 rations
 r - a chunk of flesh


   Skills:
 + Level 1.5 Fighting
 + Level 1.0 Short Blades
 + Level 2.4 Dodging
 + Level 2.5 Stealth
 - Level 0.2 Unarmed Combat
 + Level 2.4 Spellcasting
 + Level 4.5 Summonings


You had one spell level left.
You knew the following spells:

 Your Spells              Type           Power        Failure   Level  Hunger
a - Summon Small Mammal   Summ           ###.         3%          1    #......
b - Call Imp              Summ           ###.....     4%          2    ###....
c - Call Canine Familiar  Summ           ###.....     9%          3    ###....

Your spell library contained the following spells:

 Spells                   Type           Power        Failure   Level  Hunger
 Summon Guardian Golem    Hex/Summ       #.......     24%         3    ###....
 Summon Ice Beast         Ice/Summ       #.......     61%         4    #####..
 Summon Lightning Spire   Summ/Air       #.......     61%         4    #####..


Dungeon Overview and Level Annotations

Branches:
Dungeon (3/15)

Altars:

Annotations:
D:3 1 transporter


Message History

The gnoll suddenly stops moving!
The gnoll hits you from afar with a +2 halberd of electrocution.
* * * LOW HITPOINT WARNING * * *
The gnoll closely misses your shadow imp.
* * * LOW HITPOINT WARNING * * *
You feel sick.
Your shadow imp hits the gnoll.
It was a potion of flight.
You feel very buoyant.
You fly up into the air.
The gnoll closely misses your shadow imp.
Your shadow imp hits the gnoll.
It was a potion of cancellation.
Your magical effects are unravelling.
You feel magically purged.
Your magical contamination has completely faded away.
You float gracefully downwards.
* * * LOW HITPOINT WARNING * * *
You feel sick.
The gnoll hits you from afar with a +2 halberd of electrocution!
You die...

#..#≈≈..# #.≈≈#...
...g#≈≈..# #.≈≈###. #
#.###≈≈..# #.≈≈..#.#$
#.#..≈≈..# #.≈≈.##.
#.##.≈≈..# #.≈≈.#©g
#..#.≈≈..#
#.≈≈.##.#####g##.≈≈..#
#.....#.#8⌠8#.#..≈≈.)#
####...÷©#('.©g5@#©.≈≈..#
..#......#.#P.g#g#..≈≈..#
.....≈≈.##.##.##.##.≈≈..#
..##.≈≈.#..#..P#g.#.≈≈..#
####(≈≈.##.'...'.##.≈≈..#
###..≈≈..#.#PgP#.#..≈≈..#
.....≈≈###.##'##.###≈≈..#
###..≈≈#...........#≈≈..#
#..≈≈#..###.###g.#≈≈..#


You could see 5 gnolls and a friendly shadow imp.

Vanquished Creatures
  2 adders
  A dart slug (D:3)
  2 leopard geckos
  6 giant cockroaches
  7 hobgoblins
  A jackal (D:1)
  4 kobolds
  A ball python (D:3)
  4 bats
  3 frilled lizards
  6 goblins
  7 rats
44 creatures vanquished.

Vanquished Creatures (collateral kills)
  A gnoll (D:3)
  An adder (D:2)
  An ooze (D:3)
  A worm (D:1)
  A leopard gecko (D:2)
  An orc (D:3)
  A giant cockroach (D:1)
  A hobgoblin (D:2)
  2 jackals
  A ball python (D:1)
  2 bats (D:1)
  5 frilled lizards (D:1)
  3 goblins (D:1)
  4 kobolds
  2 rats (D:1)
27 creatures vanquished.

Vanquished Creatures (others)
  2 plants (D:3)
2 creatures vanquished.

Grand Total: 73 creatures vanquished

Notes
Turn   | Place    | Note
-------+----------+-------------------------------------------
     0 | D:1      | Methel the Human Summoner began the quest for the Orb.
     0 | D:1      | Reached XP level 1. HP: 13/13 MP: 3/3
   646 | D:1      | Reached XP level 2. HP: 19/19 MP: 0/5
   652 | D:1      | Learned a level 2 spell: Call Imp
  1017 | D:1      | Reached XP level 3. HP: 25/25 MP: 6/6
  2021 | D:2      | Reached skill level 1 in Fighting
  2022 | D:2      | Upgraded the game from 0.25-a0-424-g80bd347ae0 to
                  | 0.25-a0-435-g4b9beb1024
  2680 | D:2      | Reached XP level 4. HP: 10/32 MP: 7/7
  3091 | D:2      | Learned a level 3 spell: Call Canine Familiar
  3478 | D:3      | Found a faded altar of an unknown god.
  3540 | D:3      | Reached skill level 1 in Short Blades
  3816 | D:3      | Found a transporter.
  3822 | D:3      | Found a transporter.
  3851 | D:3      | HP: 1/32 [poisoned by a gnoll]
  3851 | D:3      | Mangled by a gnoll

Levels and vault maps discovered:
D:1:      onia_arrival_larder, layout_loops_cross
D:2:      layout_basic, minmay_lizard_pond
D:3:      layout_loops_ring, gammafunk_ghost_gnarly_gnolls,
          chequers_ecumenical_altar_simple

Skill      XL: |  1  2  3  4 |
---------------+-------------+-----
Fighting       | 1 |  1.5
Short Blades   | 1 |  1.0
Dodging        | |  2.4
Stealth        | |  2.5
Unarmed Combat | |  0.2
Spellcasting   | |  2.4
Summonings     | |  4.5

Action                   |  1- 3 |  4- 6 || total
-------------------------+-------+-------++-------
Melee: Unarmed           |    27 |       ||    27
       Short sword       |     2 |       ||     2
       Dagger            |    62 |    58 ||   120
Throw: Stone             |     1 |     1 ||     2
 Cast: Summon Small Mamm |    15 |       ||    15
       Call Imp          |    20 |     5 ||    25
Evoke: Wand              |       |     2 ||     2
  Use: Potion            |       |     2 ||     2
 Stab: Sleeping          |     2 |     2 ||     4
       Distracted        |     1 |       ||     1
  Eat: Ration            |     2 |       ||     2
       Chunk             |     1 |     3 ||     4
Armor: Robe              |    13 |     5 ||    18
Dodge: Dodged            |    69 |    48 ||   117

Table legend:
 A = Non-vault XP
 B = Vault XP
 C = Vault XP percentage of total XP
 D = Non-vault monster count
 E = Vault monster count
 F = Vault count percentage of total count
                 A         B        C        D         E       F
            +---------+---------+-------+---------+---------+-------
      Total |     118 |      19 |  13.9 |      59 |      12 |  16.9
            +---------+---------+-------+---------+---------+-------
        D:1 |      38 |      10 |  20.8 |      27 |      10 |  27.0
        D:2 |      34 |       1 |   2.9 |      12 |       1 |   7.7
        D:3 |      46 |       8 |  14.8 |      20 |       1 |   4.8
            +---------+---------+-------+---------+---------+-------
